cohdb
Replays
Latest Replays
All Replays
Popular Replays
Top Player Replays
Match Explorer
How It Works
Community
CoH3 Stats
Reddit
Sign in to upload your games and track your stats! →
Sign in with Steam
Match 38390606
Unlisted
Match 38390606
Overview
Messages
Build Orders
End
Royal Engineer Section
Construct Section Command Post
Selects Indian Artillery Battlegroup
Infantry Section
Infantry Section
Infantry Section
Selects War Cry
Construct Platoon Command Post
6-pounder Anti-tank Gun Team
Selects Gurkha Rifles Section
Construct Field Infirmary
Gurkha Rifles Section
Infantry Training
Selects Volunteer Infantry
Construct Company Command Post
Foot Guards Section
CMP 15cwt Truck
Selects Artillery Saturation
Selects Off-map Airburst Barrage
Crusader II Medium Tank
Selects BL5.5 Artillery Emplacement
Crusader II Medium Tank
STALKER4732
Devochkin
Mixrundiy
Mario[Pointrunner]
0
0
Comments
sign in to comment!
No comments posted yet!